Map: Tropical Sacrifice

Players

Spirit (souL)

  • Race: Terran Terran
  • League: Master
  • Spawn Location: 1:00

SKillous - Winner!

  • Race: Protoss Protoss
  • League: Grandmaster
  • Spawn Location: 7:00

Event: HomeStory Cup XXII

VOD

Have the link to the VOD?

Description

Time

  • Played on: Dec. 17, 2022, 12:23 p.m.
  • Length: 9:56

All games in this series

Show
View Real Time Build Order
Export as new Build Order

Spirit Terran 

Build Orders:  

Get SALT Encoding   

  12  0:00  SCV  
  13  0:12  SCV  
  14  0:17  Supply Depot  
  14  0:24  SCV  
  15  0:39  SCV  
  15  0:40  Barracks  
  16  0:44  Refinery  
  16  0:51  SCV  
  16  0:53  Refinery  
  17  1:03  SCV  
  18  1:15  SCV  
  19  1:27  Reaper  
  19  1:28  Orbital Command  
  20  1:36  Supply Depot  
  20  1:43  Factory  
  20  1:55  SCV  
  20  2:00  Reaper  
  22  2:07  SCV  
  23  2:19  SCV  
  24  2:26  Command Center  
  26  2:41  Barracks Reactor  
  26  2:42  SCV  
  26  2:45  Widow Mine  
  26  2:51  Supply Depot  
  26  2:52  Bunker  
  26  2:54  SCV  
  27  3:01  Command Center  
  27  3:06  Widow Mine  
  27  3:10  Starport  
  29  3:16  SCV  
  30  3:28  SCV, Widow Mine  
  32  3:40  SCV  
  33  3:44  Marine  
  33  3:45  Marine  
  33  3:46  Medivac  
  37  3:51  Factory Tech Lab  
  37  3:52  SCV  
  37  3:53  Supply Depot  
  38  4:02  Marine  
  39  4:12  Marine  
  39  4:13  SCV, Siege Tank  
  39  4:15  Orbital Command  
  44  4:21  Starport Tech Lab  
  44  4:23  Marine  
  45  4:25  SCV  
  45  4:37  SCV, Viking  
  48  4:40  Marine  
  48  4:45  Cyclone  
  52  4:48  Marine  
  52  4:49  SCV  
  54  4:57  Marine  
  55  5:01  SCV  
  55  5:05  Marine  
  57  5:07  Orbital Command  
  57  5:11  Viking  
  57  5:13  SCV  
  58  5:15  Marine  
  58  5:19  Cyclone  
  62  5:23  Marine  
  62  5:25  SCV  
  62  5:33  Marine  
  62  5:34  SCV  
  60  5:37  SCV  
  60  5:41  Marine  
  62  5:46  SCV  
  62  5:48  Supply Depot  
  62  5:49  SCV  
  64  5:51  Cyclone, Marine  
  64  5:54  Viking  
  70  6:03  Supply Depot  
  70  6:08  Supply Depot  
  70  6:09  SCV x2, Marine x2  
  74  6:19  Barracks  
  74  6:21  SCV x2  
  74  6:25  Siege Tank  
  79  6:27  Marine  
  79  6:31  Engineering Bay, Barracks  
  80  6:33  Marine  
  80  6:34  SCV x2  
  83  6:42  Viking  
  83  6:45  Marine  
  83  6:46  SCV  
  87  6:48  SCV  
  86  6:57  Siege Tank, Marine  
  86  6:59  Barracks  
  86  7:00  Barracks  
  89  7:10  Barracks Tech Lab  
  89  7:13  SCV, Marine, Refinery x2  
  89  7:14  Engineering Bay, SCV  
  90  7:18  Viking  
  90  7:19  Barracks Tech Lab  
  90  7:21  Marine  
  90  7:29  Siege Tank  
  91  7:31  Stimpack, Marine x2  
  93  7:39  Marine  
  93  7:40  Supply Depot  
  93  7:41  Supply Depot  
  94  7:47  SCV, Marine x2  
  94  7:51  Marine x3  
  94  7:52  SCV  
  94  7:57  Marine  
  93  8:03  Combat Shield  
  93  8:05  Marine x2  
  94  8:07  Medivac  
  94  8:09  Marine x2  
  99  8:14  Factory Reactor  
  99  8:17  Marine x2  
  101  8:21  Supply Depot  
  101  8:23  Marine  
  101  8:24  Supply Depot  
  101  8:25  Marine  
  103  8:27  Marine  
  103  8:29  Marine  
  105  8:35  Marine x2  
  105  8:40  Marine  
  108  8:43  Marine  
  108  8:44  Supply Depot  
  108  8:45  Marine  
  108  8:47  Supply Depot, Marine  
  111  8:52  Marine  
  111  8:53  Marine  
  113  8:58  Marine  
  113  9:00  Medivac x2  
  113  9:01  Marine  
  119  9:02  Marine  
  119  9:05  Marine  
  121  9:10  Marine x2  
  121  9:16  Marine  
  124  9:19  Marine  
  124  9:20  Marine  
  124  9:22  Marine  
  127  9:28  Marine  
  127  9:29  Bunker  
  120  9:37  Marine  
  120  9:38  Marine x2  
Show
View Real Time Build Order
Export as new Build Order

SKillous Protoss - Winner!

Build Orders: Phoenix Opening 

Get SALT Encoding   

  12  0:00  Probe  
  13  0:12  Probe  
  14  0:18  Pylon  
  14  0:24  Probe  
  15  0:33  Pylon  
  15  0:36  Probe  
  16  0:48  Probe  
  17  0:51  Gateway  
  17  0:57  Assimilator  
  17  1:01  Probe  
  18  1:13  Probe  
  19  1:25  Probe  
  20  1:38  Zealot, Cybernetics Core  
  23  1:51  Nexus  
  23  1:53  Probe  
  23  1:58  Assimilator  
  23  2:05  Probe  
  24  2:11  Stalker (Chrono Boost)  
  26  2:17  Shield Battery  
  26  2:19  Probe  
  27  2:23  Warp Gate  
  27  2:31  Probe  
  27  2:40  Stalker (Chrono Boost)  
  29  2:45  Probe  
  30  2:57  Probe  
  31  3:00  Stargate  
  31  3:09  Probe  
  32  3:14  Stalker  
  32  3:21  Probe (Chrono Boost)  
  32  3:22  Probe (Chrono Boost)  
  34  3:33  Probe (Chrono Boost)  
  36  3:34  Probe (Chrono Boost)  
  37  3:41  Probe (Chrono Boost)  
  37  3:42  Probe (Chrono Boost)  
  37  3:43  Phoenix (Chrono Boost)  
  37  3:47  Probe  
  40  3:48  Probe  
  40  3:49  Pylon  
  42  3:59  Phoenix, Probe  
  45  4:04  Probe  
  45  4:11  Probe (Chrono Boost)  
  46  4:22  Probe (Chrono Boost)  
  46  4:24  Phoenix  
  48  4:26  Gateway  
  48  4:27  Probe (Chrono Boost)  
  48  4:30  Probe (Chrono Boost)  
  50  4:34  Probe  
  50  4:38  Pylon  
  51  4:41  Probe  
  52  4:46  Nexus  
  52  4:51  Phoenix  
  54  4:58  Probe  
  54  4:59  Probe  
  54  5:10  Probe  
  54  5:11  Stalker  
  54  5:12  Probe  
  58  5:22  Probe  
  58  5:24  Twilight Council, Probe  
  58  5:27  Assimilator  
  58  5:28  Pylon  
  60  5:34  Gateway  
  60  5:39  Zealot  
  60  5:40  Gateway  
  62  5:45  Probe  
  62  5:47  Shield Battery  
  61  5:55  Shield Battery, Gateway  
  61  5:56  Gateway  
  61  6:00  Charge (Chrono Boost)  
  63  6:05  Stalker  
  63  6:08  Phoenix  
  63  6:10  Probe  
  66  6:13  Probe x2  
  68  6:26  Shield Battery, Pylon  
  68  6:29  Zealot x2  
  68  6:30  Probe x3  
  75  6:36  Zealot  
  77  6:40  Pylon  
  77  6:43  Gateway  
  77  6:45  Phoenix  
  77  6:56  Zealot x4  
  77  6:57  Probe  
  77  6:58  Probe  
  85  7:03  Zealot  
  87  7:13  Phoenix  
  87  7:14  Probe  
  90  7:21  Zealot  
  92  7:23  Probe  
  92  7:25  Pylon x2  
  92  7:28  Forge  
  93  7:30  Pylon  
  93  7:42  Phoenix  
  93  7:43  Probe x2  
  97  7:46  Protoss Ground Armor Level 1 (Chrono Boost)  
  97  7:47  Probe  
  92  7:54  Zealot x6  
  92  7:57  Templar Archives  
  92  7:58  Probe  
  101  8:00  Probe  
  101  8:04  Probe  
  101  8:05  Assimilator  
  101  8:07  Assimilator  
  101  8:09  Assimilator  
  101  8:10  Probe  
  102  8:14  Gateway  
  102  8:15  Sentry x2  
  102  8:16  Gateway  
  102  8:19  Pylon  
  106  8:31  Zealot x3  
  106  8:32  Zealot  
  114  8:34  Gateway, Pylon  
  114  8:39  High Templar x2  
  118  8:44  Archon, Pylon  
  118  8:46  Gateway  
  118  8:52  High Templar x2  
  118  8:53  High Templar x2  
  126  8:58  Archon  
  126  8:59  Archon  
  126  9:05  Gateway  
  126  9:06  Pylon  
  126  9:09  Zealot  
  128  9:10  Zealot  
  128  9:12  Zealot x2  
  134  9:24  Zealot  
  136  9:25  Zealot x3  
  140  9:32  Zealot x4  
  140  9:33  Zealot  
  130  9:44  Zealot x2  
  114  9:47  Zealot x3  
Tags
 
Add a new tag
Caveats
  • Supply blocks, unpowered buildings, or Contaminate may cause inaccurate times.
  • Supply counts are checked every 10 seconds.